[Event "360 One Wealth GP-4 2024"]
[Site "Mumbai"]
[Date "2024.03.13"]
[Round "3.1"]
[White "Butala Krish"]
[Black "Kulkarni, Vikramaditya"]
[Result "0-1"]
[ECO "B06"]
[WhiteElo "1659"]
[BlackElo "2192"]
[Annotator "RC"]
[PlyCount "141"]
[EventDate "2024.03.10"]
[EventCountry "IND"]
[SourceTitle "playchess.com"]
[Source "ChessBase"]
[SourceQuality "1"]
[TimeControl "5400+30"]

1. e4 d6 2. d4 g6 3. Bd3 e5 4. d5 h5 5. c4 Bh6 6. Bxh6 Nxh6 7. Nc3 h4 8. f3 c6 9. Qd2 Na6 10. Bc2 cxd5 11. Ba4+ Kf8 12. Nxd5 Be6 13. Rd1 Kg7 14. Bb5 Bxd5 15. Qxd5 Qa5+ 16. Kf2 Qb6+ 17. Ke2 Nc5 18. Qxd6 Qxd6 19. Rxd6 a6 20. b4 axb5 21. bxc5 Rxa2+ 22. Rd2 Rxd2+ 23. Kxd2 Rd8+ 24. Kc2 Rc8 25. cxb5 Rxc5+ 26. Kd2 Rxb5 27. Ne2 Rb2+ 28. Kd3 Ng8 29. Rc1 Ne7 30. Rc2 Rxc2 31. Kxc2 Kf6 32. Kc3 Ke6 33. Kc4 Kd6 34. g3 hxg3 35. hxg3 Kc6 36. Nc3 g5 37. Kb4 Nc8 38. Nd5 f5 39. Nf6 f4 40. g4 Nd6 41. Nh7 Nxe4 42. Kc4 Nd2+ 43. Kd3 Nxf3 44. Ke4 Nd2+ 45. Kd3 Nf3 46. Ke4 Nh2 47. Nxg5 f3 48. Nh3 Nxg4 49. Kxf3 Nf6 50. Ke3 Kc5 51. Nf2 b5 52. Nd3+ Kd5 53. Kd2 Ne4+ 54. Kc2 Nc5 55. Nb4+ Kc4 56. Nc6 e4 57. Na5+ Kd4 58. Nc6+ Kd5 59. Nb4+ Kc4 60. Nc6 b4 61. Ne5+ Kd4 62. Nc6+ Kc4 63. Ne5+ Kd5 64. Ng4 Kd4 65. Nh2 e3 66. Nf3+ Ke4 67. Ne1 b3+ 68. Kc3 b2 69. Kc2 Nd3 70. Ng2 e2 71. Kc3 0-1

[Event "360 One Wealth GP-4 2024"]
[Site "Mumbai"]
[Date "2024.03.13"]
[Round "3.2"]
[White "Iyer Arvind"]
[Black "Pawar Sohum"]
[Result "1-0"]
[ECO "C54"]
[WhiteElo "1897"]
[BlackElo "1657"]
[Annotator "NA RC"]
[PlyCount "117"]
[EventDate "2024.03.10"]
[EventCountry "IND"]
[SourceTitle "playchess.com"]
[Source "ChessBase"]
[SourceQuality "1"]
[TimeControl "5400+30"]

1. e4 e5 2. Nf3 Nc6 3. Bc4 Bc5 4. c3 Nf6 5. d3 d6 6. O-O a6 7. Bb3 Ba7 8. Re1 {[%emt 0:00:58] now scores much better than the old 8.Nbd2.} h6 {[%emt 0:00:57] C54: Giuoco Piano: 4 c3 Nf6, main lines with 5 d4 and 5 d3.} 9. Be3 Bxe3 10. fxe3 O-O 11. Nbd2 Ne7 12. Nf1 Ng6 13. Ng3 c6 14. d4 Qc7 $146 ({Predecessor:} 14... b5 15. Qd2 Qc7 16. Rad1 c5 17. dxe5 dxe5 18. Qd6 Ra7 19. Qxc7 Rxc7 {1-0 Atabayev,M (2492)-Vallejo Pons,F (2711) Wch Blitz Doha 2016 (6)}) 15. Bc2 Be6 16. Qd2 Rad8 17. Rad1 Rfe8 18. Qe2 Qc8 19. h3 b5 20. a3 Bc4 21. Qf2 Be6 22. Rf1 c5 23. d5 Bd7 24. Nf5 Bxf5 25. exf5 Nf8 26. e4 b4 27. c4 ({Much weaker is} 27. cxb4 cxb4 28. axb4 Qc4 $11) 27... bxa3 28. bxa3 Qc7 29. g4 Rb8 30. Qg3 Rb2 31. Rf2 Qa5 32. g5 hxg5 33. Nxg5 {[%emt 0:00:48] [#]} Reb8 $2 ({Besser ist} 33... Nh5 $1 $17 34. Qg4 Nf4) 34. Rg2 Ne8 $11 (34... Nh5 $5 35. Qg4 $8 Nf6 $11 (35... Nf4 36. Ne6 $16)) 35. f6 Ng6 36. Nxf7 Rxc2 37. Nh6+ Kf8 38. fxg7+ Nxg7 39. Rf1+ Ke7 40. Rxc2 Qa4 41. Qxg6 Qe8 42. Qxg7+ Kd8 43. Rf8 Rb1+ 44. Kg2 Qxf8 45. Qxf8+ Kc7 46. Qe7+ Kb6 47. Qxd6+ Ka5 48. Qxc5+ Ka4 49. Qc6+ Kb3 50. Rf2 Re1 51. Qb6+ Kxc4 52. Qb4+ Kd3 53. Rd2+ Ke3 54. Ng4+ Kf4 55. Rf2+ Kg5 56. Rf5+ Kg6 57. Qd6+ Kg7 58. Qh6+ Kg8 59. Rf8# 1-0

[Event "360 One Wealth GP-4 2024"]
[Site "Mumbai"]
[Date "2024.03.13"]
[Round "3.3"]
[White "Nirvaan Nirav Shah"]
[Black "Arnav Mahesh Koli"]
[Result "0-1"]
[ECO "B22"]
[WhiteElo "1625"]
[BlackElo "1857"]
[Annotator "NA RC"]
[PlyCount "70"]
[EventDate "2024.03.10"]
[EventCountry "IND"]
[SourceTitle "playchess.com"]
[Source "ChessBase"]
[SourceQuality "1"]
[TimeControl "5400+30"]

1. e4 c5 2. c3 d5 3. exd5 Qxd5 4. d4 Nc6 5. Nf3 Bf5 6. Be3 cxd4 {[%emt 0:04:10] B22: Sicilian: 2 c3.} 7. Nxd4 Rd8 8. Qb3 Nxd4 9. Bxd4 a6 10. Qxd5 Rxd5 11. Bc4 Rd7 12. a4 e5 13. Be3 Nf6 14. O-O Nd5 15. Bc1 Be7 16. Re1 f6 17. Nd2 O-O 18. Nf1 Be6 19. Ne3 Nc7 20. Bxe6+ Nxe6 21. Nf5 Bc5 22. Be3 Rfd8 23. Bxc5 Nxc5 24. b4 Nd3 25. Red1 Nf4 26. Rxd7 Rxd7 27. Kf1 Kf7 28. Ne3 Ke6 29. g3 Nd3 30. Ke2 e4 31. Rb1 Rc7 (31... f5 $15) 32. c4 Ne5 33. Rc1 b5 $11 34. c5 Nd3 35. Nc2 Nxc1+ 0-1

[Event "360 One Wealth GP-4 2024"]
[Site "Mumbai"]
[Date "2024.03.13"]
[Round "3.4"]
[White "Yuti Mayur Patel"]
[Black "Boricha Yohan"]
[Result "0-1"]
[ECO "B22"]
[WhiteElo "1621"]
[BlackElo "1840"]
[Annotator "NA RC"]
[PlyCount "122"]
[EventDate "2024.03.10"]
[EventCountry "IND"]
[SourceTitle "playchess.com"]
[Source "ChessBase"]
[SourceQuality "1"]
[TimeControl "5400+30"]

1. e4 c5 2. c3 d5 3. exd5 Qxd5 4. d4 Nc6 5. Nf3 Bf5 6. Be2 {[%emt 0:06:16] B22: Sicilian: 2 c3.} cxd4 7. cxd4 Bxb1 8. Rxb1 Qxa2 9. Be3 e6 10. O-O Nf6 11. Ne5 Qa5 $1 12. Ra1 Qb4 13. Nxc6 bxc6 14. Qc2 Bd6 15. Qxc6+ Ke7 16. Bf3 a5 17. Rfb1 Rac8 18. Qa6 Bc7 ({Black should play} 18... Rc2 $14) 19. Rc1 Qb6 {[%emt 0:02:00] [#]} 20. Bb7 $1 Rb8 21. Qxb6 Bxb6 22. Ba6 Nd5 23. Be2 Rhd8 24. Bd2 (24. Bc4 $11) 24... Bxd4 25. Bxa5 Rdc8 26. Rxc8 Rxc8 27. Bd3 Bxb2 28. Rb1 Bc3 29. Rb7+ Kf6 30. Bxc3+ Rxc3 31. Bf1 h5 32. g3 Rc2 33. Bb5 g5 34. Be8 Ne7 35. Rb4 Nd5 36. Rb7 Nc7 37. Ba4 Rc4 38. Bb3 Rc3 39. Kg2 Nd5 40. Ba4 Ne7 41. Bb3 Nf5 42. Ba4 g4 43. Rb4 Kg5 44. h3 gxh3+ 45. Kxh3 Nh6 46. Bd1 $15 Rc5 47. Rf4 f5 48. Rb4 Rc1 49. Bb3 Rb1 50. f3 Rb2 51. Rb6 e5 52. Rb8 Ng4 53. Rg8+ Kf6 54. Rf8+ Kg7 55. Rg8+ Kh7 56. fxg4 hxg4+ 57. Kh4 Rxb3 58. Rg5 Rf3 59. Rh5+ Kg7 60. Rg5+ Kf7 61. Rh5 e4 0-1

[Event "360 One Wealth GP-4 2024"]
[Site "Mumbai"]
[Date "2024.03.13"]
[Round "3.5"]
[White "Mishra Sanjeev"]
[Black "Sunil, Vaidya"]
[Result "1/2-1/2"]
[ECO "D02"]
[WhiteElo "1833"]
[BlackElo "1640"]
[Annotator "NA RC"]
[PlyCount "129"]
[EventDate "2024.03.10"]
[EventCountry "IND"]
[SourceTitle "playchess.com"]
[Source "ChessBase"]
[SourceQuality "1"]
[TimeControl "5400+30"]

1. d4 d5 2. Nf3 Nf6 3. g3 g6 4. Bg2 Bg7 5. O-O O-O 6. Nbd2 c5 {[%emt 0:03:35] 6...a5 is setting a new trend.} 7. dxc5 Nc6 {[%emt 0:00:17] D02: 1 d4 d5 2 Nf3 sidelines, including 2...Nf6 3 g3 and 2...Nf6 3 Bf4.} 8. c4 d4 9. Nb3 e5 10. Ne1 $146 ({Predecessor:} 10. e3 d3 11. e4 Nxe4 12. Nxe5 Nxe5 13. Bxe4 Nxc4 14. Qxd3 Qxd3 15. Bxd3 Nxb2 16. Bxb2 Bxb2 {1-0 Beinhauer,B (1589)-Mikhno,A (1455) Prague Golden op 2022 (6)}) 10... Be6 11. Nd2 Qe7 12. Nd3 e4 13. Nxe4 Nxe4 14. Bxe4 Bxc4 15. Bxc6 bxc6 16. Qc2 Bd5 17. f3 Rfe8 18. Nf4 Rad8 19. Rf2 g5 20. Nd3 h5 21. Bd2 Be6 22. Nb4 Bd5 23. Re1 a5 24. Nxd5 Rxd5 25. Bxa5 Qxc5 26. Qxc5 Rxc5 27. Bd2 Rc2 28. Bc1 Re5 29. e4 Rec5 30. Rxc2 Rxc2 31. Rd1 (31. Bxg5 $14 {stays ahead.} Rxb2 32. Rc1) 31... c5 32. Bxg5 Rxb2 33. Rd2 Rb1+ 34. Kf2 c4 35. Rc2 c3 36. Ke2 Rh1 37. h4 Rh2+ 38. Kd3 Rh1 39. Rc1 Rh2 40. Ra1 Rf2 {[%emt 0:01:04] [#]} ({Black should play} 40... Be5 $1 $14) 41. a4 $2 (41. Bf4 $1 $16 {is forced if you want to stay better.}) 41... Rxf3+ 42. Ke2 Rxg3 43. a5 d3+ 44. Kf2 Rg4 45. a6 Bd4+ 46. Kf3 d2 47. Bxd2 cxd2 48. Rd1 Rxh4 49. Rxd2 Bb6 50. Rb2 Ba7 51. Rb7 Bg1 52. a7 Bxa7 53. Rxa7 Kg7 54. Ra6 f6 55. Re6 Kf7 56. Ra6 $15 Rg4 57. Ra5 Rg5 58. Ra8 Kg7 59. Kf4 h4 60. Rb8 h3 61. Rb2 Kg6 62. Rh2 Rh5 63. Kg4 Re5 64. Kf4 Rh5 65. Kg4 1/2-1/2

[Event "360 One Wealth GP-4 2024"]
[Site "Mumbai"]
[Date "2024.03.13"]
[Round "3.6"]
[White "Ishan Roy"]
[Black "Ram Vishal Parab"]
[Result "1-0"]
[ECO "C84"]
[WhiteElo "1609"]
[BlackElo "1807"]
[Annotator "NA RC"]
[PlyCount "95"]
[EventDate "2024.03.10"]
[EventCountry "IND"]
[SourceTitle "playchess.com"]
[Source "ChessBase"]
[SourceQuality "1"]
[TimeControl "5400+30"]

1. e4 e5 2. Nf3 Nc6 3. Bb5 a6 4. Ba4 Nf6 5. d3 b5 6. Bb3 Be7 7. a4 b4 8. a5 d6 9. O-O O-O 10. Nbd2 Be6 {[%emt 0:00:36] C84: Closed Ruy Lopez: Unusual White 6th moves.} 11. Nc4 Rb8 12. c3 h6 13. d4 exd4 14. cxd4 Bg4 15. Ne3 Bh5 16. Nf5 d5 17. exd5 Nxd5 18. Qc2 Qd7 19. Ba4 Bg6 20. Bxc6 Bxf5 21. Qc4 Bd3 22. Qxd5 Qxd5 23. Bxd5 Bxf1 24. Kxf1 c5 25. Ne5 Rbc8 26. Bb7 Rc7 27. Bxa6 cxd4 28. Bf4 g5 29. Bg3 Bd6 30. Nd3 Bxg3 31. hxg3 Rb8 32. b3 Kf8 33. Bc4 Ke7 34. a6 Ra7 35. Ne5 Rc8 36. Re1 Kf6 37. Nd3 Rb8 38. Re4 Rd7 39. Ne5 Rc7 40. Ng4+ Kf5 41. Rxd4 h5 42. Rd5+ Kg6 43. Ne5+ Kg7 44. Rd7 Rbc8 45. Rxc7 Rxc7 46. Nd3 Kf6 47. Nxb4 Ke5 $18 48. a7 1-0

[Event "360 One Wealth GP-4 2024"]
[Site "Mumbai"]
[Date "2024.03.13"]
[Round "3.7"]
[White "Guru Prakash"]
[Black "Arjun Singh"]
[Result "1-0"]
[ECO "C06"]
[WhiteElo "1794"]
[BlackElo "1602"]
[Annotator "NA"]
[PlyCount "67"]
[EventDate "2024.03.10"]
[EventCountry "IND"]
[SourceTitle "playchess.com"]
[Source "ChessBase"]
[SourceQuality "1"]
[TimeControl "5400+30"]

1. e4 e6 2. d4 d5 3. Nd2 Nf6 4. e5 Nfd7 5. Bd3 c5 6. c3 Nc6 7. Ne2 Be7 8. O-O c4 9. Bc2 b5 10. f4 g6 11. Nf3 a5 12. g4 h5 13. gxh5 Rxh5 14. Ng3 Rh8 15. Ng5 Nf8 16. Qg4 Bxg5 17. fxg5 Ne7 18. h4 Nf5 19. Nxf5 exf5 20. Qg3 Ne6 21. Kg2 Bb7 22. Rh1 Qd7 23. h5 O-O-O 24. Bd2 Kc7 25. Rh4 Qe7 26. Rah1 Kb6 27. hxg6 Rxh4 28. Qxh4 fxg6 29. Qh7 Qe8 30. Rh6 Nf8 31. Qg7 Rc8 32. Bxf5 Rc6 33. Rh8 gxf5 34. Qxf8 1-0

[Event "360 One Wealth GP-4 2024"]
[Site "Mumbai"]
[Date "2024.03.13"]
[Round "3.8"]
[White "Muthe Dhruv"]
[Black "Kapadi Yash"]
[Result "0-1"]
[ECO "B07"]
[WhiteElo "1539"]
[BlackElo "1779"]
[Annotator "NA RC"]
[PlyCount "70"]
[EventDate "2024.03.10"]
[EventCountry "IND"]
[SourceTitle "playchess.com"]
[Source "ChessBase"]
[SourceQuality "1"]
[TimeControl "5400+30"]

1. e4 d6 2. d4 Nf6 3. Bd3 e5 4. dxe5 dxe5 5. Nf3 c6 6. b3 Bb4+ 7. c3 Bd6 8. h3 O-O 9. Bb2 Nbd7 10. Nbd2 Nc5 11. Bc2 Qe7 12. Qe2 b6 13. Rd1 Ba6 14. c4 Rfe8 15. O-O Ne6 16. g3 Nf8 17. Nh4 g6 18. Rfe1 Bc8 19. Kh2 Bb4 20. Rg1 h5 21. Ndf3 Bd6 22. Qd2 Bc7 23. Qh6 N8h7 24. Rd2 Qe6 25. Nf5 gxf5 26. exf5 Ng4+ 27. hxg4 Qxh6 28. g5 Nxg5 29. Nxg5 Qxg5 30. Bc1 Qf6 31. g4 Qh4+ 32. Kg2 e4 33. gxh5 Bxf5 34. Kf1+ Kh7 35. Bb2 Be5 0-1

[Event "360 One Wealth GP-4 2024"]
[Site "Mumbai"]
[Date "2024.03.13"]
[Round "3.9"]
[White "Shah Mihir"]
[Black "Shraddha Naresh Padvekar"]
[Result "1-0"]
[ECO "A00"]
[WhiteElo "1764"]
[BlackElo "1579"]
[Annotator "NA RC"]
[PlyCount "101"]
[EventDate "2024.03.10"]
[EventCountry "IND"]
[SourceTitle "playchess.com"]
[Source "ChessBase"]
[SourceQuality "1"]
[TimeControl "5400+30"]

1. e4 g6 2. d4 Bg7 3. Nc3 d5 4. Nf3 dxe4 5. Nxe4 Bg4 6. Bc4 Bxf3 7. Qxf3 e6 8. Bg5 Qc8 9. O-O-O Nd7 10. Rhe1 Nh6 11. Bxe6 O-O 12. Qh3 fxe6 13. Bxh6 Bxh6+ 14. Qxh6 Nf6 15. Ng5 Re8 16. Rd3 Qd7 17. Rf3 Qg7 18. Qxg7+ Kxg7 19. Rxe6 Rxe6 20. Nxe6+ Kf7 21. Nxc7 Rd8 22. c4 Rxd4 23. Nd5 Rxc4+ 24. Kb1 Rc6 25. Rxf6+ Rxf6 26. Nxf6 Kxf6 27. Kc2 Ke5 28. Kd3 Kd5 29. f4 b5 30. g4 a5 31. h3 h6 32. Ke3 a4 33. Kd3 b4 34. b3 a3 35. Ke3 h5 36. f5 gxf5 37. gxh5 Ke5 38. h6 Kf6 39. h7 Kg7 40. Kf4 Kxh7 41. Kxf5 Kh6 42. Ke4 Kh5 43. Kd4 Kh4 44. Kc4 Kxh3 45. Kxb4 Kg4 46. Kxa3 Kf5 47. b4 Ke5 48. Ka4 Kd6 49. Kb5 Kd7 50. Kb6 Kc8 51. Ka7 1-0

[Event "360 One Wealth GP-4 2024"]
[Site "Mumbai"]
[Date "2024.03.13"]
[Round "3.10"]
[White "Soni Atharv"]
[Black "Vivek Ashok Jadhav"]
[Result "0-1"]
[ECO "B92"]
[WhiteElo "1684"]
[BlackElo "1559"]
[Annotator "NA RC"]
[PlyCount "72"]
[EventDate "2024.03.10"]
[EventCountry "IND"]
[SourceTitle "playchess.com"]
[Source "ChessBase"]
[SourceQuality "1"]
[TimeControl "5400+30"]

1. e4 c5 2. Nf3 d6 3. d4 cxd4 4. Nxd4 Nf6 5. Nc3 a6 6. Be2 Nc6 7. Be3 e5 8. Nb3 Be6 9. O-O Be7 10. Kh1 O-O 11. f4 exf4 12. Bxf4 Rc8 13. Qe1 b5 14. Rd1 Qc7 15. Bf3 Ne5 16. Nd4 Nc4 17. Bc1 Ne5 18. Qg3 Rfd8 19. Nd5 Nxd5 20. exd5 Bd7 21. Be4 Ng6 22. Nf5 Bxf5 23. Bxf5 Rb8 24. Qf2 Bf6 25. g3 Re8 26. h4 Qc4 27. h5 Re2 28. Qa7 Rbe8 29. hxg6 hxg6 30. b3 Qc3 31. Bd3 Qc8 32. Rf2 Qh3+ 33. Kg1 Qxg3+ 34. Kf1 Qh3+ 35. Kg1 Qg4+ 36. Kh1 Rxf2 0-1

[Event "360 One Wealth GP-4 2024"]
[Site "Mumbai"]
[Date "2024.03.13"]
[Round "3.11"]
[White "Sarode Aarush"]
[Black "Soni Deepak R"]
[Result "0-1"]
[ECO "B13"]
[WhiteElo "1428"]
[BlackElo "1681"]
[Annotator "NA"]
[PlyCount "66"]
[EventDate "2024.03.10"]
[EventCountry "IND"]
[SourceTitle "playchess.com"]
[Source "ChessBase"]
[SourceQuality "1"]
[TimeControl "5400+30"]

1. e4 c6 2. d4 d5 3. exd5 cxd5 4. Bd3 Nc6 5. c3 Qc7 6. Be3 Nf6 7. Nd2 Bg4 8. Ngf3 e6 9. O-O Bd6 10. Qc2 Rc8 11. Rac1 a6 12. Bg5 Bf4 13. Bxf4 Qxf4 14. Qb3 Qc7 15. Rfe1 O-O 16. Ne5 Nxe5 17. Rxe5 Nd7 18. Re3 Rfe8 19. Rg3 Nf6 20. Nf3 Qf4 21. Re1 Nh5 22. Rxg4 Qxg4 23. Ne5 Qf4 24. Qxb7 Rb8 25. Qd7 Red8 26. Qc7 Rf8 27. g4 Rxb2 28. Rf1 Nf6 29. Qe7 Ne4 30. Qh4 Ng5 31. f3 f6 32. Nd7 Qe3+ 33. Kh1 Qxd3 0-1

[Event "360 One Wealth GP-4 2024"]
[Site "Mumbai"]
[Date "2024.03.13"]
[Round "3.13"]
[White "Milind Parle"]
[Black "Hitansh Kunal Gohil"]
[Result "1-0"]
[ECO "C78"]
[WhiteElo "1642"]
[BlackElo "1472"]
[Annotator "NA"]
[PlyCount "103"]
[EventDate "2024.03.10"]
[EventCountry "IND"]
[SourceTitle "playchess.com"]
[Source "ChessBase"]
[SourceQuality "1"]
[TimeControl "5400+30"]

1. e4 e5 2. Nf3 Nc6 3. Bb5 a6 4. Ba4 Nf6 5. O-O b5 6. Bb3 Bc5 7. c3 d6 8. d4 Bb6 9. h3 O-O 10. Be3 Bb7 11. d5 Nb8 12. Bxb6 cxb6 13. Nbd2 Nbd7 14. Bc2 Qe7 15. a4 bxa4 16. Rxa4 Nc5 17. Ra2 a5 18. Re1 Nh5 19. Nc4 Nf4 20. Nxb6 Ra6 21. Nc4 Rfa8 22. b3 Bc8 23. Kh2 Qf6 24. Ne3 Qh6 25. Ng1 Qg6 26. Qf3 Rb8 27. Ra3 Nfd3 28. Bxd3 Nxd3 29. Rea1 Nc5 30. Nf5 Bxf5 31. exf5 Qf6 32. b4 axb4 33. Rxa6 Nxa6 34. Rxa6 b3 35. Qd3 b2 36. Qb1 Qg5 37. Qxb2 Qd8 38. Qe2 Rb3 39. Rc6 Rb6 40. Qc4 h6 41. Rc8 Qxc8 42. Qxc8+ Kh7 43. Qc7 Rb1 44. Qxf7 Rxg1 45. Kxg1 e4 46. Qg6+ Kh8 47. Qxd6 e3 48. fxe3 h5 49. Qb8+ Kh7 50. d6 h4 51. d7 g5 52. d8=Q 1-0

[Event "360 One Wealth GP-4 2024"]
[Site "Mumbai"]
[Date "2024.03.13"]
[Round "3.14"]
[White "Sathiesh Kumaar L"]
[Black "Gangan Vihang Vishwanath"]
[Result "0-1"]
[ECO "C89"]
[WhiteElo "1497"]
[BlackElo "1454"]
[Annotator "NA RC"]
[PlyCount "115"]
[EventDate "2024.03.10"]
[EventCountry "IND"]
[SourceTitle "playchess.com"]
[Source "ChessBase"]
[SourceQuality "1"]
[TimeControl "5400+30"]

1. e4 e5 2. Nf3 Nc6 3. Bb5 a6 4. Ba4 Nf6 5. O-O b5 6. Bb3 Be7 7. Re1 O-O 8. c3 d5 9. exd5 Nxd5 10. Nxe5 Nxe5 11. Rxe5 c6 12. Bxd5 cxd5 13. d4 Bd6 14. Re1 Qh4 15. g3 Qh3 16. Qf3 Bg4 17. Qxd5 Rad8 18. Qg2 Qh5 19. Be3 Bf3 20. Qf1 f5 21. Nd2 f4 22. Bxf4 Rxf4 23. Nxf3 Rxf3 24. Qe2 Qf7 25. Qc2 Re8 26. Re2 Rxe2 27. Qxe2 Rf6 28. a3 Qe7 29. Qxe7 Bxe7 30. Re1 Kf7 31. h4 Re6 32. Kf1 Rxe1+ 33. Kxe1 g5 34. hxg5 Bxg5 35. f4 Be7 36. Ke2 h5 37. Ke3 Ke6 38. Ke4 Bd6 39. d5+ Kf6 40. b4 Kg6 41. Ke3 Kf5 42. Kf3 Bc7 43. Ke3 Bb6+ 44. Kf3 a5 45. Kg2 axb4 46. axb4 Kg4 47. d6 Kf5 48. Kh3 Bd8 49. Kg2 Ke6 50. d7 Kxd7 51. Kf3 Kd6 52. Ke4 Bf6 53. Kd3 Kd5 54. f5 Ke5 55. c4 bxc4+ 56. Kxc4 Kxf5 57. Kd5 Be5 58. b5 0-1

[Event "360 One Wealth GP-4 2024"]
[Site "Mumbai"]
[Date "2024.03.13"]
[Round "3.15"]
[White "Ahaan Kataruka"]
[Black "Kolumum Raja, Aravind"]
[Result "1-0"]
[ECO "B01"]
[WhiteElo "1427"]
[BlackElo "1896"]
[Annotator "NA RC"]
[PlyCount "55"]
[EventDate "2024.03.10"]
[EventCountry "IND"]
[SourceTitle "playchess.com"]
[Source "ChessBase"]
[SourceQuality "1"]
[TimeControl "5400+30"]

1. e4 d5 2. exd5 Qxd5 3. Nc3 Qd6 4. d4 Nc6 5. Nf3 Bg4 6. d5 {[%emt 0:07:24] B01: Skandinavische Verteidigung.} Bxf3 ({Black should try} 6... Ne5) 7. Qxf3 Qe5+ {[%emt 0:08:11] [#]} (7... Nd4 $16 {was necessary.} 8. Qd3 e5) 8. Be3 (8. Qe3 $1 $16 Qxe3+ 9. Bxe3) 8... Nd4 9. Qd1 c5 (9... Nf5 $1 $14) 10. Nb5 Nf5 11. Qc1 a6 12. Nc3 Nf6 13. Qd2 {[%emt 0:02:51] [#]} (13. Be2 $11) 13... Ng4 $1 14. O-O-O Nfxe3 (14... Nxh2 $2 {is the wrong capture.} 15. Be2 $18 (15. Bxc5 Nxf1 16. Rhxf1 Qc7 $18)) 15. Re1 $2 (15. fxe3 $15 g6 (15... Qxe3 16. h3 $15) (15... Nxe3 16. Re1 $16) 16. Re1) 15... Nxf1 16. Rhxf1 Qd4 ({Don't take} 16... Qxh2 17. Rh1 Qxg2 18. Qf4 $19) 17. Qe2 Rd8 ({Don't take} 17... Nxh2 18. Rg1 $19) 18. Kb1 Nf6 ({Weaker is} 18... Nxh2 19. Rd1 Qf4 20. Rg1 $19) 19. Rd1 Qf4 20. g3 $19 Qd6 21. g4 g6 22. g5 Nh5 23. Ne4 Qb6 24. d6 Bg7 25. c3 O-O 26. dxe7 Rxd1+ 27. Rxd1 Re8 28. Nd6 1-0

[Event "360 One Wealth GP-4 2024"]
[Site "Mumbai"]
[Date "2024.03.14"]
[Round "4.1"]
[White "Kulkarni, Vikramaditya"]
[Black "Shah Mihir"]
[Result "1/2-1/2"]
[ECO "E90"]
[WhiteElo "2192"]
[BlackElo "1764"]
[Annotator "RC"]
[PlyCount "161"]
[EventDate "2024.03.10"]
[EventCountry "IND"]
[SourceTitle "playchess.com"]
[Source "ChessBase"]
[SourceQuality "1"]
[TimeControl "5400+30"]

1. d4 Nf6 2. Nf3 g6 3. c4 Bg7 4. Nc3 O-O 5. e4 d6 6. h3 e5 7. dxe5 dxe5 8. Qxd8 Rxd8 9. Nd5 Rd7 10. Nxe5 Nxd5 11. Nxd7 Nb4 12. Nxb8 Nc2+ 13. Kd1 Nxa1 14. Bf4 Rxb8 15. Bxc7 Ra8 16. Kc1 Be6 17. Kb1 Rc8 18. Bf4 Bxc4 19. Bxc4 Rxc4 20. Rc1 Rxe4 21. Rc8+ Bf8 22. Be3 f5 23. Kxa1 a6 24. Rb8 Re7 25. b4 Kf7 26. Bc5 Re1+ 27. Kb2 Bxc5 28. bxc5 Re2+ 29. Kc3 Rxa2 30. Kd4 Ke6 31. Rxb7 Rxf2 32. Rb6+ Kd7 33. g4 fxg4 34. hxg4 Rg2 35. Kd5 Rd2+ 36. Ke5 Rg2 37. Kd5 Rd2+ 38. Ke4 Rg2 39. Rd6+ Kc7 40. Rxa6 Rxg4+ 41. Kd5 Rg5+ 42. Kc4 Rg1 43. Ra7+ Kc6 44. Rxh7 Rg4+ 45. Kd3 Kxc5 46. Ke3 Kd6 47. Kf3 Rg1 48. Kf2 Rg5 49. Ra7 Ke6 50. Ra6+ Kf7 51. Ra7+ Kf6 52. Rb7 Rg4 53. Rb5 Rc4 54. Kg3 Ra4 55. Rb6+ Kg5 56. Rb5+ Kh6 57. Rb1 Kh5 58. Rb5+ g5 59. Rb3 Rg4+ 60. Kh3 Rg1 61. Ra3 Re1 62. Kg3 Re6 63. Rb3 Kg6 64. Ra3 Rc6 65. Rb3 Rc1 66. Rb6+ Kh5 67. Rb3 Rg1+ 68. Kh2 Rg4 69. Rh3+ Rh4 70. Kg3 Rxh3+ 71. Kxh3 g4+ 72. Kg3 Kg5 73. Kg2 Kh4 74. Kh2 g3+ 75. Kg2 Kg4 76. Kg1 Kh4 77. Kg2 Kg4 78. Kg1 Kf4 79. Kg2 Kg4 80. Kg1 g2 81. Kxg2 1/2-1/2

[Event "360 One Wealth GP-4 2024"]
[Site "Mumbai"]
[Date "2024.03.14"]
[Round "4.2"]
[White "Kapadi Yash"]
[Black "Iyer Arvind"]
[Result "1/2-1/2"]
[ECO "D03"]
[WhiteElo "1779"]
[BlackElo "1897"]
[Annotator "NA RC"]
[PlyCount "56"]
[EventDate "2024.03.10"]
[EventCountry "IND"]
[SourceTitle "playchess.com"]
[Source "ChessBase"]
[SourceQuality "1"]
[TimeControl "5400+30"]

1. d4 Nf6 2. Nf3 e6 3. Bg5 Be7 4. Nbd2 d5 5. e3 b6 6. Bd3 Bb7 7. Ne5 h6 {[%emt 0:08:29] D03: 1 d4 d5 2 Nf3 Nf6 3 Bg5, including Torre Attack with early ...d5.} 8. Bxf6 gxf6 9. Nef3 Nd7 10. e4 dxe4 11. Bxe4 Bxe4 12. Nxe4 Qc8 13. Qe2 Qb7 14. O-O-O O-O-O 15. Kb1 Rhe8 (15... a5 $11) 16. Rhe1 Bf8 17. Ng3 Re7 18. Qc4 Rde8 (18... a5 $14) 19. a3 c6 20. Ne4 Qc7 21. Re3 f5 22. Ned2 Bg7 23. Qa6+ Qb7 24. Qe2 Qc7 25. Nc4 Kb7 26. Ncd2 Kc8 27. Nc4 Kb7 28. Ncd2 $11 (28. g3 $14) 28... Kc8 1/2-1/2

[Event "360 One Wealth GP-4 2024"]
[Site "Mumbai"]
[Date "2024.03.14"]
[Round "4.3"]
[White "Soni Deepak R"]
[Black "Arnav Mahesh Koli"]
[Result "0-1"]
[ECO "B07"]
[WhiteElo "1681"]
[BlackElo "1857"]
[Annotator "NA RC"]
[PlyCount "102"]
[EventDate "2024.03.10"]
[EventCountry "IND"]
[SourceTitle "playchess.com"]
[Source "ChessBase"]
[SourceQuality "1"]
[TimeControl "5400+30"]

1. d4 Nf6 2. Bf4 g6 3. Nc3 Bg7 4. e4 d6 5. Qd2 Nbd7 6. O-O-O {[%emt 0:03:06] B07: Pirc Defence: Miscellaneous Systems.} c6 7. f3 b5 8. Kb1 O-O (8... b4 $11 {might be stronger.} 9. Na4 Qa5) 9. Bh6 Nb6 10. h4 b4 11. Nce2 Nc4 {[%emt 0:00:39] [#]} 12. Qg5 (12. Qc1 $1 $16) 12... Rb8 {[%emt 0:06:53] [#]} (12... Qa5 $1 $11) 13. Ng3 (13. Nc1 $142 $1 Be6 14. Bxc4 Bxc4 15. b3 Bxh6 16. Qxh6) 13... Na3+ 14. Kc1 Bxh6 15. Qxh6 Qa5 (15... Qc7 {was necessary.}) 16. h5 ({Stronger than} 16. bxa3 bxa3 17. Qe3 Be6 $17) 16... Be6 17. hxg6 fxg6 18. e5 (18. bxa3 $2 {loses.} bxa3 $19) 18... dxe5 19. Bd3 Rf7 20. Bxg6 {[%emt 0:04:09] [#]} Rg7 $2 (20... Nc4 $1 $19 21. Bd3 (21. Bxf7+ $2 {is the wrong capture.} Kxf7 22. Rd2 Rg8 $19) 21... Qxa2 22. Qg5+ Kh8 23. Bxc4 Bxc4) 21. Bf5 Bf7 22. Ne4 Nxe4 23. Bxh7+ Kf8 24. Bxe4 Nc4 $1 25. Kb1 Nxb2 26. Qh8+ Bg8 27. Kxb2 $15 Qxa2+ 28. Kc1 b3 29. Rh5 Qa1+ 30. Kd2 Qxd4+ 31. Bd3 Qf4+ 32. Ke1 Qg3+ 33. Kd2 b2 34. Ne2 Qxg2 35. Rf5+ Ke8 36. Rg1 b1=Q 37. Rxb1 Rxb1 38. Bc4 Rh1 39. Rh5 Rxh5 40. Qxh5+ Kd8 41. Bxg8 Rxg8 42. Qh7 Qg5+ 43. Kd1 Qg6 44. Qh2 Qd6+ 45. Kc1 a5 46. Qh7 Qg6 47. Qh2 Qg5+ 48. Kb2 Kc7 49. Qf2 Rb8+ 50. Kc3 e4 51. fxe4 Qf6+ 0-1